Description

Basic Macro PvP Opening

VOD

https://www.youtube.com/watch?v=3MsowNPB4gg

Build Order

Get SALT Encoding   

  14  0:18  Pylon  
  16  0:38  Gateway Chrono Nexus (x 2)  
  17  0:48  Assimilator  
  18  0:56  Assimilator 15 on mins til gasses full  
  19  1:09  Gateway Scout probe, 2nd chrono on nexus  
  21  1:25  Cybernetics Core  
  22  1:36  Pylon  
  24  2:00  Warp Gate (Chrono Boost), Stalker, Sentry One chrono on warpgate  
  29  2:11  Pylon Cut probes at 25; Low ground  
  29  2:32  Stalker x2 Scout proxies with first stalker  
  33  2:50  Nexus Hallucinate Scout  
  33  2:58  Shield Battery  
  33  3:01  Sentry x2  
  37  3:13  Pylon  
  37  3:18  Robotics Facility, Probe Resume Probes to 45  
Spawning Tool Build Advisor. Get it on Overwolf

Analysis

Generally go for 2 base, 45 workers, 8 gates, 1 robo, charge, attack upgrades, and templar archives before taking third. Only probe up and take gasses at third if you feel safe.

Adjustments based on opponent's opening as follows:

  • Vs Proxy Robo: Cut probes, get 2 more batteries (3 total), pull 2 probes out of gas, make units and defend, watch out for warp prism in main (can patrol probe), get 2 immortals then prism. If they go disruptors (watch for additional immortals not showing up) then get phoenix.

  • Vs Proxy Oracle: Try to kill pylon if you find it; 2 Stalkers in main at 3:25. Get Forge, +1, Twilight, Charge, then Robo. Goal is +2 timing heavy on archon/zealot.

  • Vs Macro/Expand: Cancel battery, chrono workers (no probe cut until 45 workers), try two adept harass, get two immortals and prism, continue general approach.

Go to:

Details

  • Created by: KillerFlea
  • Published on: May 05, 2020
  • Modified on: May 05, 2020
  • Patch: 4.11.0
Show
View Real Time Build Order
Export as new Build Order

Comments (0)

There are no comments. Be the first!

Create an account to comment!